 Dungeon Crawl Stone Soup version 0.31-a0-167-g1c394c0614 (webtiles) character file.

Game seed: 6214127883400022298

2573 Dittersdorf the Trooper (level 9, -5/58 HPs)
             Began as a Gargoyle Fighter on June 14, 2023.
             Was an Initiate of Okawaru.
             Slain by a yak (9 damage)
             ... on level 6 of the Dungeon.
             The game lasted 00:09:09 (5714 turns).

Dittersdorf the Trooper (Gargoyle Fighter)          Turns: 5714, Time: 00:09:10

Health: -5/58      AC: 19    Str: 29    XL:     9   Next: 57%
Magic:  0/9        EV:  7    Int: 10    God:    Okawaru [......]
Gold:   375        SH:  5    Dex:  9    Spells: 8/8 levels left

rFire   . . .        a - +0 flail
rCold   . . .        c - +0 buckler
rNeg    + + .        g - +0 plate armour
rPois   ∞            (no helmet)
rElec   +            (no cloak)
rCorr   .            (no gloves)
SInv    .            (no boots)
Will    .....        e - amulet of guardian spirit Stlth
                     b - +6 ring of strength
HPRegen 0.29/turn    y - ring of positive energy
MPRegen 0.11/turn

%: guardian spirit
@: no status effects
A: sickness immunity, AC +6, negative energy resistance 1, electricity
resistance, torment resistance 1, petrification resistance
a: Renounce Religion


You were on level 6 of the Dungeon.
You worshipped Okawaru.
Okawaru was noncommittal.
You visited 2 branches of the dungeon, and saw 7 of its levels.
You also visited: Sewer.

You collected 375 gold pieces.

Inventory:

Hand Weapons
 a - a +0 flail (weapon)
Missiles
 o - a throwing net
Armour
 c - a +0 buckler (worn)
 g - a +0 plate armour (worn)
Jewellery
 b - a +6 ring of strength (left hand)
 e - an amulet of guardian spirit (around neck)
 h - a ring of flight
 r - a ring of fire
 y - a ring of positive energy (right hand)
Scrolls
 j - a scroll of poison
 l - 2 scrolls of revelation
 m - a scroll of fog
 n - 2 scrolls of teleportation
 t - a scroll of brand weapon
Potions
 d - 2 potions of might
 i - 3 potions of mutation
 k - a potion of invisibility {unknown}
 p - 4 potions of heal wounds
 s - 4 potions of curing
 u - 3 potions of haste
 v - a potion of cancellation
 w - a potion of attraction {unknown}
 z - a potion of ambrosia {unknown}


   Skills:
 + Level 7.7 Fighting
 + Level 6.6 Maces & Flails
 + Level 7.6 Armour
 + Level 7.7 Shields


You had 8 spell levels left.
You didn't know any spells.
Your spell library contained the following spells:

 Spells                   Type           Power      Damage    Failure   Level
 Freeze                   Ice            0%         1d3       98%         1
 Slow                     Hex            0%         N/A       98%         1
 Blink                    Tloc           0%         N/A       99%         2
 Lesser Beckoning         Tloc           0%         N/A       99%         2
 Momentum Strike          Conj/Tloc      0%         3d8       99%         2
 Scorch                   Fire           0%         2d5       99%         2
 Confusing Touch          Hex            0%         N/A       100%        3
 Frozen Ramparts          Ice            0%         1d1       100%        3
 Hailstorm                Conj/Ice       0%         3d3       100%        3
 Portal Projectile        Hex/Tloc       0%         N/A       100%        3
 Vampiric Draining        Necr           0%         2d6       100%        3
 Flame Wave               Conj/Fire      0%         2d4       100%        4
 Leda's Liquefaction      Hex/Erth       0%         N/A       100%        4
 Call Canine Familiar     Summ           Unusable   N/A       N/A         3
 Summon Cactus Giant      Summ           Unusable   N/A       N/A         6

Dungeon Overview and Level Annotations

Branches:
Dungeon (6/15)             Temple (1/1) D:4           Sewer (visited)

Altars:
Cheibriados
Elyvilon
Gozag
Hepliaklqana
Nemelex Xobeh
Okawaru
Ru
Trog
Vehumet
Wu Jian

Shops:
D:2 :   D:4 (


Innate Abilities, Weirdness & Mutations

You are immune to sickness and miasma.
Your stone body is resilient. (AC +6)
You are immune to poison.
You resist negative energy. (rN+)
You are resistant to electric shocks. (rElec)
You are resistant to unholy torment.
You are immune to petrification.


Message History

You are too injured to fight recklessly!
You are too injured to fight recklessly!
You are too injured to fight recklessly!
Okay, then.
You sock the ice beast!
You kill the ice beast!
Okawaru accepts your kill.
You hit the yak.
The yak is lightly wounded.
The yak gores you but does no damage.
You closely miss the yak.
The yak is lightly wounded.
The yak gores you but does no damage.
You sock the yak!
The yak is moderately wounded.
The yak gores you.
You hit the yak.
The yak is moderately wounded.
The yak gores you!
* * * LOW HITPOINT WARNING * * *
You block the yak's attack.
You hit the yak.
The yak is heavily wounded.
You block the yak's attack.
You barely miss the yak.
The yak is heavily wounded.
The yak gores you!
* * * LOW HITPOINT WARNING * * *
You sock the yak!
The yak is almost dead.
The yak gores you but does no damage.
You hit the yak but do no damage.
The yak is almost dead.
The yak gores you but does no damage. The yak attacks as you move away!
The yak gores you but does no damage. The yak attacks as you move away!
You block the yak's attack. The yak attacks as you move away!
The yak gores you!
* * * LOW HITPOINT WARNING * * *
The yak attacks as you move away! The yak gores you!
You die...

..##.##.######)####### #.# #.#
...........###.##########.#####.#
..#####.##..........[...........#
.>#####.##......###.##########...
..).....###.##.># #.# #...
.######.# #. #..# #.# #... †# #.#
#.##..###.### #... .# #.#
#..........^# #... .#
#.###.#...@...#.# #.#.
.######)...###.Y#####.# #.#.
.......####.#.#Y## #.# #.#.
#####.#.###..#...## #.##
#.###..........# #..
#..#.####.#..o## #.# #.#.##
#.##.o####.#### #.#.#
#.....o..o....# ....#
#†###.####o##.#


You could see 2 yaks.

Vanquished Creatures
  Sigmund (D:5)
  Eustachio (D:4)
  A yak (D:6)
  A wyvern (D:4)
  A water moccasin (D:5)
  Duvessa (D:5)
  Pargi (Sewer)
  2 ice beasts
  A sky beast (D:6)
  An ogre (D:5)
  A phantom (D:4)
  4 scorpions
  Dowan (D:5)
  A howler monkey (D:3)
  2 hounds (D:5)
  A jelly (D:5)
  A gnoll bouda (D:5)
  An orc priest (D:5)
  8 iguanas
  Natasha (thrice) (D:3)
  5 orc wizards
  3 sleepcaps
  3 gnolls
  14 adders
  3 river rats (D:3)
  A shadow imp (D:5)
  A white imp (D:5)
  An ufetubus (D:5)
  A worm (D:3)
  A dart slug (D:1)
  15 orcs
  5 ball pythons
  6 endoplasms
  A giant cockroach (D:4)
  4 goblins
  5 hobgoblins
  3 quokkas
  7 bats
  2 frilled lizards
  14 kobolds
  10 rats
139 creatures vanquished.

Vanquished Creatures (others)
  An orc wizard (D:3)
1 creature vanquished.

Grand Total: 140 creatures vanquished

Notes
Turn   | Place    | Note
-------+----------+-------------------------------------------
     0 | D:1      | Dittersdorf the Gargoyle Fighter began the quest for the
                  | Orb.
     0 | D:1      | Reached XP level 1. HP: 14/14 MP: 1/1
    53 | D:1      | Reached XP level 2. HP: 19/19 MP: 2/2
   432 | D:1      | Reached XP level 3. HP: 23/23 MP: 3/3
   885 | D:2      | Found Licwat's Book Emporium.
  1342 | D:2      | Reached XP level 4. HP: 29/29 MP: 4/4
  1772 | D:3      | Noticed Natasha
  1782 | D:3      | Killed Natasha
  1783 | D:3      | Reached XP level 5. HP: 22/33 MP: 1/5
  1815 | D:3      | Found a glowing drain.
  1825 | Sewer    | Entered a sewer
  1917 | Sewer    | Noticed Pargi
  1933 | Sewer    | Killed Pargi
  1934 | Sewer    | Reached XP level 6. HP: 30/39 MP: 3/6
  2092 | D:3      | Found a faded altar of an unknown god.
  2142 | D:3      | Noticed Natasha
  2154 | D:3      | Killed Natasha
  2315 | D:3      | Noticed Natasha
  2330 | D:3      | Killed Natasha
  2335 | D:3      | Reached skill level 5 in Fighting
  2335 | D:3      | Reached skill level 5 in Shields
  2462 | D:3      | Found a snail-covered altar of Cheibriados.
  2482 | D:3      | Reached skill level 5 in Armour
  2548 | D:3      | Found a sparkling altar of Nemelex Xobeh.
  2808 | D:4      | Reached XP level 7. HP: 37/44 MP: 5/7
  2914 | D:4      | Identified the +1 ring mail "Ereabrecay" {-Cast Harm rCorr
                  | Str+3}
  2991 | D:4      | Found Eniore's Weapon Boutique.
  2991 | D:4      | Noticed a wyvern
  3004 | D:4      | Killed a wyvern
  3301 | D:4      | Found a staircase to the Ecumenical Temple.
  3305 | D:4      | Noticed Eustachio
  3310 | Temple   | Entered the Ecumenical Temple
  3620 | D:4      | Killed Eustachio
  3621 | D:4      | Reached XP level 8. HP: 30/51 MP: 2/8
  3781 | D:5      | Entered Level 5 of the Dungeon
  4144 | D:5      | Reached skill level 5 in Maces & Flails
  4293 | D:5      | Found a faded altar of an unknown god.
  4332 | D:5      | Noticed Sigmund
  4363 | D:5      | Killed Sigmund
  4691 | D:5      | Noticed Dowan
  4692 | D:5      | Noticed Duvessa
  4716 | D:5      | Killed Duvessa
  4717 | D:5      | Reached XP level 9. HP: 55/56 MP: 9/9
  4733 | D:5      | Killed Dowan
  5369 | D:5      | Found an iron altar of Okawaru.
  5493 | D:5      | Became a worshipper of Warmaster Okawaru
  5555 | D:6      | Identified the +0 robe of Wariness {rElec rCorr Dex+4
                  | Stlth-}
  5714 | D:6      | Slain by a yak

Illustrated notes

Levels and vault maps discovered:
D:1:      onia_arrival_handbag, layout_loops_ring, roderic_roman_lattice,
          amcnicky_mini_corridor_feature
D:2:      layout_rooms, serial_shops, shop, roderic_lattice_a
D:3:      layout_rooms, mainiacjoe_overflow_tiny_flanked,
          cheibrodos_worm_habitat, lightli_sewer_entry_pipes,
          hellmonk_ecumenical_altar_blasted, kennysheep_minor_cross,
          chequers_serial_rivers_micro_c, hellmonk_no_cap, uniq_natasha
D:4:      layout_rooms, minmay_temple_entry_crystal_x, serial_shops,
          nicolae_shop_bloodbath_and_beyond, uniq_eustachio
D:5:      minmay_octagon_keep, layout_cave_pods, kennysheep_little_box,
          serial_column_ruins, column_ruins_square_medium,
          column_ruins_temple_hut, column_ruins_open_tiny,
          column_ruins_open_medium, column_ruins_columns_straight,
          column_ruins_grid_1, grunt_decor_mini_mirrors, uniq_duvessa,
          uniq_sigmund
D:6:      layout_loops_ring, lemuel_crystal_altar
Temple:   nicolae_temple_bog_church

Skill      XL: |  1  2  3  4  5  6  7  8  9 |
---------------+----------------------------+-----
Fighting       | 4 5 6 7 |  7.7
Shields        | 4 5 6 7 |  7.7
Armour         | 4 5 6 7 |  7.6
Maces & Flails | 3 4 5 6 |  6.6

Action                     |  1- 3 |  4- 6 |  7- 9 || total
---------------------------+-------+-------+-------++-------
  Melee: Flail             |   121 |   191 |   382 ||   694
    Use: Scroll            |       |     7 |     8 ||    15
 Armour: Scale mail        |    33 |       |       ||    33
         Chain mail        |    31 |   137 |    19 ||   187
         Plate armour      |       |       |   289 ||   289
  Dodge: Dodged            |    66 |    96 |   143 ||   305
  Block: Buckler           |    37 |    47 |   101 ||   185

Table legend: (Time is in decaauts)
 A = Elapsed time spent in this place.
 B = Non-inter-level travel time spent in this place.
 C = Inter-level travel time spent in this place.
 D = Time resting spent in this place.
 E = Time spent auto-exploring this place.
 F = Levels seen in this place.
 G = Mean time per level.
                   A        B        C        D        E       F      G
               +--------+--------+--------+--------+--------+-----+--------+
         Total |   5905 |   5652 |    253 |    706 |   3341 |   8 |  738.1 |
       Dungeon |   5550 |   5310 |    240 |    706 |   3066 |   6 |  925.0 |
        Temple |    167 |    154 |     13 |      0 |    149 |   1 |  167.0 |
         Sewer |    187 |    187 |      0 |      0 |    126 |   1 |  187.0 |
               +--------+--------+--------+--------+--------+-----+--------+

Top non-repeatable levels by time:
     D:5: 1673 daAuts
     D:3: 1113 daAuts
     D:1: 894 daAuts
     D:4: 841 daAuts
     D:2: 821 daAuts
     D:6: 206 daAuts
   Sewer: 187 daAuts
  Temple: 167 daAuts
